[ AOE2 MATCH · #488256336 ]
UnrankedLithuanians vs Ethiopians
[ REPLAY ANALYSIS · EXTRACTED FROM THE RECORDED GAME ]
Feudal
9:47
Castle
24:40
Imperial
—
| APM avg | 34.6 |
| APM peak | 74 |
| eAPM avg | 15.6 |
| Villagers / military | 59 / 38 |
Focus
⚔️ 29.7% · 🌾 70.3%
Skirmisher ×18 · Spearman ×13 · Knight ×6 · Archer ×1
Feudal
9:57
Castle
21:55
Imperial
—
| APM avg | 29.0 |
| APM peak | 56 |
| eAPM avg | 12.9 |
| Villagers / military | 56 / 37 |
Focus
⚔️ 21.5% · 🌾 78.5%
Knight ×15 · Camel Scout ×15 · Scout Cavalry ×5 · Spearman ×2
Feudal
8:55
Castle
21:43
Imperial
—
| APM avg | 47.7 |
| APM peak | 84 |
| eAPM avg | 20.8 |
| Villagers / military | 67 / 44 |
Focus
⚔️ 39.4% · 🌾 60.6%
Archer ×35 · Knight ×9
Feudal
10:37
Castle
22:54
Imperial
—
| APM avg | 29.4 |
| APM peak | 81 |
| eAPM avg | 11.9 |
| Villagers / military | 54 / 31 |
Focus
⚔️ 28.8% · 🌾 71.2%
Skirmisher ×23 · Archer ×4 · Militia ×4
Feudal
8:55
Castle
21:05
Imperial
—
| APM avg | 30.3 |
| APM peak | 74 |
| eAPM avg | 15.4 |
| Villagers / military | 86 / 43 |
Focus
⚔️ 18.2% · 🌾 81.8%
Knight ×32 · Scout Cavalry ×11
Feudal
9:23
Castle
24:21
Imperial
—
| APM avg | 24.4 |
| APM peak | 53 |
| eAPM avg | 12.3 |
| Villagers / military | 70 / 41 |
Focus
⚔️ 43.0% · 🌾 57.0%
Archer ×37 · Battering Ram ×2 · Monk ×1 · Spearman ×1
Match map
Initial resources + every placement click. Lines = walls · curves = elevation contours. ◆ gold · ⬟ stone · ● berries · ✦ relic · ◌ wall gap
Your base· Open — 5t gap
Camagroc's base· Open — unwalled flank
[2ZKA] falling_sky's base· ✓ Closed at 21:43 · 31t walls · 1 gate(s)
[AJJRR] Minillop's base· Open — 4t gap
KickersEmden_AoE's base· ✓ Closed at 21:05 · 53t walls · 2 gate(s)
UnknownPlayer's base· Open — 5t gap
Smoothed initial terrain · ◌ = detected wall gap · hover for details
Inputs per minute
— nekor - - Camagroc
Build order — nekor
First 150 of 185 actions detected
| 0:01 | Create | Villager (Male) |
| 0:02 | Create | Villager (Male) |
| 0:02 | Create | Villager (Male) |
| 0:02 | Create | Villager (Male) |
| 0:02 | Create | Villager (Male) |
| 0:03 | Build | House |
| 0:08 | Build | House |
| 0:12 | Create | Villager (Male) |
| 1:37 | Create | Villager (Male) |
| 1:48 | Build | Lumber Camp |
| 1:57 | Create | Villager (Male) |
| 2:12 | Create | Villager (Male) |
| 2:12 | Create | Villager (Male) |
| 2:45 | Create | Villager (Male) |
| 3:07 | Build | House |
| 3:08 | Build | House |
| 3:10 | Create | Villager (Male) |
| 3:37 | Create | Villager (Male) |
| 3:56 | Create | Villager (Male) |
| 4:25 | Build | Mill |
| 5:03 | Create | Villager (Male) |
| 5:03 | Create | Villager (Male) |
| 5:50 | Create | Villager (Male) |
| 5:50 | Create | Villager (Male) |
| 5:52 | Create | Villager (Male) |
| 5:53 | Create | Villager (Male) |
| 6:15 | Create | Villager (Male) |
| 6:15 | Create | Villager (Male) |
| 6:27 | Create | Villager (Male) |
| 6:29 | Research | Loom |
| 7:25 | Build | Barracks |
| 7:37 | Research | Feudal Age |
| 8:05 | Create | Villager (Male) |
| 8:27 | Build | House |
| 9:29 | Create | Villager (Male) |
| 9:43 | Build | Palisade Wall |
| 9:47 | Age | Feudal Age |
| 9:50 | Create | Villager (Male) |
| 9:54 | Build | Archery Range |
| 10:01 | Research | Double-Bit Axe |
| 10:13 | Create | Villager (Male) |
| 10:13 | Create | Villager (Male) |
| 10:18 | Build | House |
| 10:31 | Create | Spearman |
| 10:39 | Create | Skirmisher |
| 10:39 | Create | Skirmisher |
| 10:39 | Create | Archer |
| 10:41 | Build | House |
| 10:46 | Build | Palisade Wall |
| 10:49 | Build | Palisade Wall |
| 10:51 | Build | Palisade Wall |
| 10:54 | Create | Skirmisher |
| 10:59 | Build | Palisade Wall |
| 11:02 | Build | Farm |
| 11:05 | Research | Horse Collar |
| 11:12 | Build | House |
| 11:16 | Build | Farm |
| 11:26 | Build | Farm |
| 11:28 | Create | Skirmisher |
| 11:38 | Create | Villager (Male) |
| 11:47 | Create | Villager (Male) |
| 11:51 | Build | Blacksmith |
| 11:53 | Build | House |
| 12:33 | Create | Spearman |
| 12:33 | Create | Spearman |
| 12:34 | Create | Spearman |
| 12:40 | Create | Skirmisher |
| 12:40 | Create | Skirmisher |
| 12:44 | Build | Farm |
| 12:45 | Build | Farm |
| 12:45 | Build | Farm |
| 12:55 | Create | Spearman |
| 13:13 | Create | Villager (Male) |
| 13:13 | Create | Villager (Male) |
| 13:19 | Build | Lumber Camp |
| 13:31 | Create | Spearman |
| 13:59 | Create | Villager (Male) |
| 13:59 | Create | Villager (Male) |
| 14:05 | Build | Farm |
| 14:05 | Build | Farm |
| 14:09 | Create | Skirmisher |
| 14:29 | Create | Skirmisher |
| 14:29 | Create | Skirmisher |
| 14:53 | Create | Villager (Male) |
| 14:56 | Build | Farm |
| 15:02 | Build | Farm |
| 15:37 | Create | Skirmisher |
| 15:37 | Create | Skirmisher |
| 15:39 | Create | Spearman |
| 15:39 | Create | Spearman |
| 15:56 | Create | Villager (Male) |
| 15:56 | Create | Villager (Male) |
| 16:00 | Build | Farm |
| 16:01 | Build | Farm |
| 16:04 | Build | Farm |
| 16:16 | Build | Farm |
| 16:16 | Build | Farm |
| 16:17 | Build | Farm |
| 16:18 | Create | Villager (Male) |
| 16:23 | Build | House |
| 16:24 | Build | House |
| 16:26 | Build | Market |
| 16:26 | Build | House |
| 16:30 | Create | Skirmisher |
| 16:31 | Create | Skirmisher |
| 16:53 | Build | Farm |
| 16:53 | Build | Farm |
| 17:24 | Create | Villager (Male) |
| 17:24 | Create | Villager (Male) |
| 17:24 | Create | Villager (Male) |
| 17:37 | Create | Villager (Male) |
| 17:42 | Build | House |
| 17:44 | Build | House |
| 17:51 | Build | Mining Camp |
| 18:01 | Research | Padded Archer Armor |
| 18:07 | Create | Villager (Male) |
| 18:08 | Create | Spearman |
| 18:09 | Create | Spearman |
| 18:27 | Create | Villager (Male) |
| 18:32 | Build | Farm |
| 18:34 | Build | Farm |
| 18:39 | Build | Palisade Gate |
| 18:44 | Create | Villager (Male) |
| 18:44 | Create | Villager (Male) |
| 18:47 | Build | House |
| 18:49 | Build | Stable |
| 19:29 | Create | Villager (Male) |
| 19:34 | Build | House |
| 19:36 | Build | House |
| 20:09 | Build | Farm |
| 20:11 | Create | Villager (Male) |
| 20:35 | Research | Fletching |
| 20:35 | Research | Forging |
| 20:42 | Build | House |
| 20:43 | Build | House |
| 20:46 | Create | Villager (Male) |
| 21:13 | Build | House |
| 21:14 | Build | House |
| 21:35 | Create | Villager (Male) |
| 21:53 | Build | House |
| 21:55 | Build | House |
| 21:57 | Research | Castle Age |
| 22:15 | Create | Villager (Male) |
| 22:20 | Research | Gold Mining |
| 22:25 | Build | Farm |
| 22:25 | Build | Farm |
| 22:25 | Build | Farm |
| 22:37 | Build | House |
| 22:40 | Build | House |
| 22:40 | Build | House |
Build order — Camagroc
First 150 of 161 actions detected
| 0:01 | Create | Villager (Male) |
| 0:01 | Create | Villager (Male) |
| 0:02 | Create | Villager (Male) |
| 0:03 | Build | House |
| 0:05 | Build | House |
| 0:20 | Create | Villager (Male) |
| 0:20 | Create | Villager (Male) |
| 1:26 | Create | Villager (Male) |
| 1:52 | Build | Lumber Camp |
| 1:54 | Create | Villager (Male) |
| 2:07 | Create | Villager (Male) |
| 2:42 | Create | Villager (Male) |
| 2:43 | Create | Villager (Male) |
| 3:03 | Create | Villager (Male) |
| 3:30 | Create | Villager (Male) |
| 3:39 | Build | House |
| 3:45 | Create | Villager (Male) |
| 4:19 | Build | House |
| 4:29 | Create | Villager (Male) |
| 5:13 | Create | Villager (Male) |
| 5:14 | Create | Villager (Male) |
| 5:14 | Create | Villager (Male) |
| 5:28 | Build | Mill |
| 5:45 | Create | Villager (Male) |
| 5:48 | Create | Villager (Male) |
| 6:24 | Create | Villager (Male) |
| 6:24 | Create | Villager (Male) |
| 7:18 | Build | Mining Camp |
| 7:53 | Research | Feudal Age |
| 8:48 | Build | House |
| 9:29 | Build | Farm |
| 9:29 | Build | Farm |
| 9:49 | Research | Loom |
| 9:57 | Age | Feudal Age |
| 10:25 | Build | Barracks |
| 10:29 | Create | Villager (Male) |
| 10:29 | Create | Villager (Male) |
| 10:31 | Create | Villager (Male) |
| 10:58 | Build | Farm |
| 11:03 | Build | Blacksmith |
| 11:14 | Create | Villager (Male) |
| 11:14 | Create | Villager (Male) |
| 11:24 | Build | Stable |
| 11:30 | Build | Farm |
| 11:31 | Build | Farm |
| 11:31 | Build | Farm |
| 11:43 | Build | Farm |
| 11:57 | Research | Town Watch |
| 12:21 | Build | House |
| 12:30 | Create | Villager (Male) |
| 12:31 | Create | Villager (Male) |
| 12:34 | Build | Farm |
| 12:36 | Create | Spearman |
| 12:36 | Create | Spearman |
| 12:43 | Research | Bloodlines |
| 12:58 | Create | Scout Cavalry |
| 12:58 | Create | Scout Cavalry |
| 13:09 | Create | Villager (Male) |
| 13:09 | Create | Villager (Male) |
| 13:13 | Build | House |
| 13:19 | Create | Scout Cavalry |
| 13:28 | Build | Farm |
| 13:28 | Build | Farm |
| 13:29 | Build | Farm |
| 13:29 | Build | Farm |
| 13:57 | Research | Scale Barding Armor |
| 14:00 | Build | Farm |
| 14:11 | Build | Farm |
| 14:17 | Research | Double-Bit Axe |
| 14:17 | Research | Double-Bit Axe |
| 14:28 | Create | Villager (Male) |
| 15:12 | Create | Scout Cavalry |
| 15:56 | Create | Scout Cavalry |
| 16:15 | Research | Forging |
| 16:16 | Create | Villager (Male) |
| 16:16 | Create | Villager (Male) |
| 16:18 | Build | Farm |
| 16:18 | Build | Farm |
| 16:18 | Build | Farm |
| 16:18 | Build | Farm |
| 16:39 | Build | Farm |
| 16:40 | Build | Farm |
| 16:42 | Research | Horse Collar |
| 16:46 | Create | Villager (Male) |
| 16:46 | Create | Villager (Male) |
| 16:46 | Create | Villager (Male) |
| 17:31 | Build | House |
| 17:37 | Build | Farm |
| 17:44 | Build | House |
| 17:50 | Create | Villager (Male) |
| 17:51 | Create | Villager (Male) |
| 18:02 | Build | Market |
| 19:29 | Research | Castle Age |
| 19:50 | Build | Stable |
| 19:53 | Build | Stable |
| 20:01 | Build | Gate |
| 20:05 | Research | Gold Mining |
| 20:17 | Create | Villager (Male) |
| 20:17 | Create | Villager (Male) |
| 20:56 | Create | Villager (Male) |
| 20:56 | Create | Villager (Male) |
| 21:09 | Build | Stone Wall |
| 21:55 | Age | Castle Age |
| 22:04 | Research | Husbandry |
| 22:05 | Create | Knight ×5 |
| 22:05 | Create | Knight ×5 |
| 22:06 | Create | Knight ×2 |
| 22:47 | Create | Villager (Male) |
| 22:47 | Create | Villager (Male) |
| 22:57 | Create | Knight |
| 22:57 | Create | Knight |
| 22:57 | Create | Knight |
| 23:05 | Build | House |
| 23:07 | Build | House |
| 23:12 | Build | Mining Camp |
| 23:19 | Create | Villager (Male) |
| 23:20 | Create | Villager (Male) |
| 23:33 | Build | Town Center |
| 23:35 | Create | Villager (Male) |
| 23:35 | Create | Villager (Male) |
| 23:35 | Create | Villager (Male) |
| 23:49 | Create | Camel Scout |
| 23:58 | Build | House |
| 23:59 | Build | House |
| 24:13 | Create | Camel Scout |
| 24:40 | Research | Iron Casting |
| 25:19 | Research | Wheelbarrow |
| 25:20 | Create | Villager (Male) |
| 25:21 | Create | Villager (Male) |
| 25:21 | Create | Villager (Male) |
| 25:21 | Create | Villager (Male) |
| 25:24 | Build | Farm |
| 25:24 | Build | Farm |
| 25:25 | Build | Farm |
| 25:25 | Build | Farm |
| 25:51 | Create | Villager (Male) |
| 25:51 | Create | Villager (Male) |
| 25:52 | Create | Villager (Male) |
| 26:14 | Create | Camel Scout |
| 26:14 | Create | Camel Scout |
| 26:22 | Build | Farm |
| 26:25 | Build | Farm |
| 26:26 | Build | Farm |
| 26:26 | Build | Farm |
| 26:26 | Build | Farm |
| 26:26 | Build | Farm |
| 26:57 | Research | Chain Barding Armor |
| 27:09 | Research | Heavy Plow |
| 27:18 | Create | Camel Scout |
| 27:18 | Create | Camel Scout |
Build order — [2ZKA] falling_sky
First 150 of 184 actions detected
| 0:00 | Create | Villager (Male) |
| 0:01 | Build | House |
| 0:02 | Build | House |
| 0:16 | Create | Villager (Male) ×3 |
| 1:23 | Create | Villager (Male) |
| 1:51 | Build | Lumber Camp |
| 2:07 | Create | Villager (Male) |
| 2:16 | Create | Villager (Male) |
| 2:42 | Create | Villager (Male) |
| 3:03 | Create | Villager (Male) |
| 3:33 | Create | Villager (Male) |
| 3:55 | Build | House |
| 3:56 | Build | Palisade Wall |
| 3:59 | Create | Villager (Male) |
| 4:21 | Build | Mill |
| 4:32 | Create | Villager (Male) |
| 4:33 | Create | Villager (Male) |
| 4:38 | Create | Villager (Male) |
| 5:43 | Create | Villager (Male) |
| 5:43 | Create | Villager (Male) |
| 6:09 | Research | Loom |
| 6:45 | Research | Feudal Age |
| 7:40 | Create | Villager (Male) |
| 7:43 | Build | Mining Camp |
| 8:00 | Build | Barracks |
| 8:09 | Build | Barracks |
| 8:24 | Create | Villager (Male) |
| 8:55 | Age | Feudal Age |
| 8:59 | Build | Archery Range |
| 9:06 | Research | Double-Bit Axe |
| 9:07 | Create | Villager (Male) |
| 9:24 | Research | Town Watch |
| 9:26 | Build | House |
| 9:31 | Create | Villager (Male) |
| 9:44 | Build | House |
| 10:16 | Create | Archer |
| 10:24 | Create | Villager (Male) |
| 10:31 | Create | Villager (Male) |
| 10:35 | Build | Archery Range |
| 10:35 | Create | Archer |
| 10:43 | Build | House |
| 10:45 | Build | Palisade Wall |
| 10:46 | Create | Villager (Male) |
| 10:58 | Build | Palisade Wall |
| 10:59 | Build | Palisade Wall |
| 11:10 | Create | Villager (Male) |
| 11:15 | Build | House |
| 11:17 | Build | Palisade Wall |
| 11:30 | Create | Archer |
| 11:37 | Create | Villager (Male) |
| 11:45 | Build | House |
| 11:51 | Build | Palisade Wall |
| 11:55 | Create | Archer |
| 11:55 | Create | Archer |
| 11:59 | Create | Villager (Male) |
| 12:08 | Build | House |
| 12:10 | Build | Palisade Wall |
| 12:14 | Create | Villager (Male) |
| 12:29 | Create | Villager (Male) |
| 12:39 | Create | Archer |
| 12:40 | Create | Archer |
| 12:40 | Create | Archer |
| 12:49 | Build | Blacksmith |
| 12:51 | Build | Palisade Wall |
| 12:53 | Build | Palisade Wall |
| 12:55 | Create | Villager (Male) |
| 13:10 | Create | Villager (Male) |
| 13:10 | Create | Villager (Male) |
| 13:12 | Build | Farm |
| 13:12 | Build | Farm |
| 13:12 | Build | Farm |
| 13:31 | Build | Farm |
| 13:52 | Create | Archer |
| 13:52 | Create | Archer |
| 14:03 | Build | Farm |
| 14:04 | Create | Villager (Male) |
| 14:39 | Create | Villager (Male) |
| 14:39 | Create | Villager (Male) |
| 14:41 | Build | Farm |
| 14:59 | Create | Archer |
| 14:59 | Create | Archer |
| 15:02 | Build | Farm |
| 15:03 | Build | Farm |
| 15:05 | Build | Farm |
| 15:37 | Build | Farm |
| 15:59 | Create | Archer |
| 16:01 | Build | Farm |
| 16:02 | Create | Villager (Male) |
| 16:03 | Create | Villager (Male) |
| 16:18 | Build | House |
| 16:21 | Build | Farm |
| 16:26 | Build | Farm |
| 16:32 | Build | Lumber Camp |
| 16:42 | Create | Archer |
| 16:48 | Build | Farm |
| 16:50 | Build | House |
| 17:14 | Build | Farm |
| 17:16 | Build | Farm |
| 17:19 | Build | Farm |
| 17:20 | Create | Villager (Male) |
| 17:26 | Build | Farm |
| 17:30 | Create | Villager (Male) |
| 17:37 | Create | Archer |
| 17:42 | Create | Archer |
| 17:52 | Build | Farm |
| 18:06 | Build | Palisade Gate |
| 18:08 | Build | Palisade Wall |
| 18:16 | Build | Farm |
| 18:37 | Create | Villager (Male) |
| 18:48 | Build | House |
| 18:58 | Research | Castle Age |
| 19:20 | Build | Market |
| 19:35 | Research | Horse Collar |
| 19:36 | Create | Archer |
| 20:02 | Research | Gold Mining |
| 20:05 | Create | Archer |
| 20:05 | Create | Archer |
| 20:21 | Build | Lumber Camp |
| 20:33 | Create | Archer |
| 20:57 | Create | Archer |
| 20:58 | Create | Archer |
| 20:58 | Create | Archer |
| 21:15 | Build | House |
| 21:43 | Research | Fletching |
| 21:43 | Age | Castle Age |
| 21:49 | Research | Bow Saw |
| 21:51 | Research | Crossbowman (upgrade) |
| 21:52 | Create | Archer |
| 21:52 | Create | Archer |
| 22:09 | Build | Stable |
| 22:13 | Create | Villager (Male) |
| 22:14 | Create | Villager (Male) |
| 22:14 | Create | Villager (Male) |
| 22:19 | Research | Wheelbarrow |
| 22:27 | Build | Farm |
| 22:37 | Create | Archer |
| 22:37 | Create | Archer |
| 22:55 | Create | Villager (Male) |
| 23:30 | Create | Knight |
| 23:30 | Create | Knight |
| 23:37 | Create | Villager (Male) |
| 24:13 | Build | House |
| 24:19 | Create | Villager (Male) |
| 24:24 | Build | Town Center |
| 24:39 | Create | Villager (Male) |
| 24:52 | Create | Villager (Male) ×5 |
| 24:54 | Build | House |
| 24:55 | Build | House |
| 24:57 | Create | Archer |
| 24:57 | Create | Archer |
Build order — [AJJRR] Minillop
138 actions detected in the replay
| 0:00 | Create | Villager (Male) |
| 0:01 | Create | Villager (Male) |
| 0:01 | Create | Villager (Male) |
| 0:03 | Build | House |
| 0:04 | Build | House |
| 0:21 | Create | Villager (Male) |
| 1:31 | Create | Villager (Male) |
| 1:46 | Build | Lumber Camp |
| 1:54 | Create | Villager (Male) |
| 2:28 | Create | Villager (Male) |
| 2:28 | Create | Villager (Male) |
| 2:39 | Create | Villager (Male) |
| 3:01 | Create | Villager (Male) |
| 3:13 | Build | House |
| 3:27 | Build | Palisade Wall |
| 3:38 | Create | Villager (Male) |
| 4:08 | Create | Villager (Male) |
| 4:08 | Create | Villager (Male) |
| 4:36 | Create | Villager (Male) |
| 4:36 | Create | Villager (Male) |
| 4:36 | Create | Villager (Male) |
| 4:41 | Build | Mill |
| 5:43 | Create | Villager (Male) |
| 5:44 | Create | Villager (Male) |
| 5:44 | Create | Villager (Male) |
| 5:44 | Create | Villager (Male) |
| 6:05 | Create | Villager (Male) |
| 6:12 | Build | House |
| 6:15 | Build | Palisade Wall |
| 7:05 | Create | Villager (Male) |
| 7:19 | Create | Villager (Male) |
| 7:51 | Create | Villager (Male) |
| 8:25 | Create | Villager (Male) |
| 8:27 | Research | Feudal Age |
| 8:32 | Build | Barracks |
| 8:50 | Research | Loom |
| 8:50 | Create | Villager (Male) |
| 9:20 | Create | Militia |
| 9:20 | Create | Militia |
| 10:13 | Build | Farm |
| 10:13 | Build | Farm |
| 10:15 | Build | Farm |
| 10:24 | Create | Militia |
| 10:29 | Build | Mining Camp |
| 10:33 | Build | House |
| 10:37 | Age | Feudal Age |
| 10:46 | Research | Man-at-Arms (upgrade) |
| 10:58 | Create | Villager (Male) |
| 10:58 | Create | Villager (Male) |
| 11:01 | Build | Farm |
| 11:06 | Build | Farm |
| 11:07 | Create | Villager (Male) |
| 11:35 | Create | Villager (Male) |
| 11:52 | Create | Villager (Male) |
| 12:40 | Build | House |
| 12:41 | Build | House |
| 12:46 | Research | Loom |
| 12:47 | Research | Wheelbarrow |
| 13:03 | Create | Villager (Male) |
| 13:03 | Create | Villager (Male) |
| 13:17 | Build | Archery Range |
| 13:25 | Build | House |
| 13:36 | Build | Farm |
| 13:56 | Create | Skirmisher |
| 13:56 | Create | Skirmisher |
| 14:09 | Create | Villager (Male) |
| 14:10 | Create | Villager (Male) |
| 14:17 | Build | House |
| 14:25 | Create | Skirmisher |
| 14:29 | Create | Villager (Male) |
| 14:40 | Build | Watch Tower |
| 15:00 | Build | House |
| 15:02 | Build | House |
| 15:03 | Build | House |
| 15:07 | Create | Militia |
| 15:11 | Create | Skirmisher |
| 15:11 | Create | Skirmisher |
| 15:12 | Create | Skirmisher |
| 15:25 | Build | Farm |
| 16:53 | Create | Villager (Male) |
| 16:54 | Create | Villager (Male) |
| 17:11 | Create | Villager (Male) |
| 17:11 | Create | Villager (Male) |
| 17:15 | Build | Lumber Camp |
| 18:18 | Create | Villager (Male) |
| 18:18 | Create | Villager (Male) |
| 18:32 | Create | Villager (Male) |
| 18:45 | Create | Skirmisher |
| 18:46 | Create | Skirmisher |
| 19:11 | Build | Market |
| 19:31 | Build | Farm |
| 19:38 | Create | Villager (Male) |
| 19:39 | Create | Skirmisher |
| 19:45 | Build | Blacksmith |
| 20:10 | Research | Castle Age |
| 20:29 | Build | Archery Range |
| 20:43 | Build | Farm |
| 20:44 | Build | Farm |
| 20:44 | Build | Farm |
| 20:44 | Build | Farm |
| 21:09 | Build | Palisade Wall |
| 21:12 | Build | Palisade Wall |
| 21:23 | Create | Archer |
| 21:34 | Create | Villager (Male) |
| 21:34 | Create | Villager (Male) |
| 21:39 | Create | Skirmisher |
| 21:39 | Create | Skirmisher |
| 21:40 | Create | Archer |
| 21:57 | Research | Fletching |
| 21:57 | Research | Padded Archer Armor |
| 22:02 | Create | Archer |
| 22:03 | Create | Archer |
| 22:54 | Age | Castle Age |
| 22:56 | Create | Villager (Male) |
| 22:56 | Create | Villager (Male) |
| 23:11 | Create | Villager (Male) |
| 23:22 | Research | Bodkin Arrow |
| 23:24 | Research | Elite Skirmisher (upgrade) |
| 23:51 | Create | Villager (Male) |
| 23:51 | Create | Villager (Male) |
| 24:43 | Create | Villager (Male) |
| 24:43 | Create | Villager (Male) |
| 25:27 | Create | Villager (Male) |
| 25:50 | Create | Skirmisher ×4 |
| 26:07 | Create | Skirmisher ×3 |
| 26:16 | Build | House |
| 26:18 | Build | House |
| 26:25 | Build | House |
| 26:26 | Build | House |
| 26:26 | Build | House |
| 26:35 | Build | Archery Range |
| 27:00 | Research | Leather Archer Armor |
| 27:42 | Research | Crossbowman (upgrade) |
| 28:24 | Build | Farm |
| 28:24 | Build | Farm |
| 28:33 | Create | Skirmisher ×5 |
| 29:02 | Build | House |
| 29:08 | Build | House |
Build order — KickersEmden_AoE
First 150 of 211 actions detected
| 0:00 | Create | Villager (Male) |
| 0:01 | Create | Villager (Male) |
| 0:01 | Create | Villager (Male) |
| 0:02 | Create | Villager (Male) |
| 0:02 | Create | Villager (Male) |
| 0:03 | Build | House |
| 0:04 | Build | House |
| 1:30 | Create | Villager (Male) |
| 1:42 | Build | Lumber Camp |
| 2:00 | Create | Villager (Male) |
| 2:15 | Create | Villager (Male) |
| 2:47 | Create | Villager (Male) |
| 3:02 | Create | Villager (Male) |
| 3:41 | Build | House |
| 3:42 | Build | House |
| 3:50 | Create | Villager (Male) |
| 3:51 | Create | Villager (Male) |
| 4:12 | Build | Mill |
| 4:42 | Create | Villager (Male) |
| 4:42 | Create | Villager (Male) |
| 4:44 | Create | Villager (Male) |
| 5:41 | Create | Villager (Male) |
| 5:42 | Create | Villager (Male) |
| 5:42 | Create | Villager (Male) |
| 5:48 | Research | Loom |
| 6:51 | Research | Feudal Age |
| 7:29 | Create | Villager (Male) |
| 7:34 | Build | Barracks |
| 7:35 | Build | House |
| 7:50 | Build | Palisade Wall |
| 7:54 | Build | Palisade Wall |
| 8:07 | Create | Villager (Male) |
| 8:43 | Create | Villager (Male) |
| 8:55 | Age | Feudal Age |
| 8:58 | Build | Stable |
| 9:01 | Build | Palisade Wall |
| 9:06 | Research | Horse Collar |
| 9:08 | Research | Double-Bit Axe |
| 9:16 | Build | House |
| 9:26 | Build | Palisade Wall |
| 9:28 | Build | Palisade Wall |
| 9:35 | Create | Villager (Male) |
| 9:45 | Create | Scout Cavalry |
| 9:45 | Create | Scout Cavalry |
| 9:48 | Create | Villager (Male) |
| 9:53 | Build | Farm |
| 10:01 | Build | Farm |
| 10:09 | Build | Palisade Wall |
| 10:16 | Build | Palisade Wall |
| 10:23 | Create | Scout Cavalry |
| 10:30 | Build | Farm |
| 10:33 | Create | Villager (Male) |
| 10:40 | Build | Farm |
| 10:47 | Build | Palisade Wall |
| 10:55 | Create | Villager (Male) |
| 10:56 | Create | Scout Cavalry |
| 11:04 | Build | Palisade Gate |
| 11:25 | Build | Palisade Gate |
| 11:29 | Build | Farm |
| 11:32 | Build | Farm |
| 11:34 | Build | Farm |
| 11:35 | Create | Scout Cavalry |
| 11:45 | Build | Farm |
| 11:54 | Create | Villager (Male) |
| 12:05 | Build | Farm |
| 12:12 | Build | Farm |
| 12:15 | Create | Villager (Male) |
| 12:15 | Create | Villager (Male) |
| 12:34 | Create | Scout Cavalry |
| 12:40 | Build | Farm |
| 12:42 | Build | Farm |
| 13:16 | Create | Scout Cavalry |
| 13:18 | Create | Villager (Male) |
| 13:18 | Create | Villager (Male) |
| 13:20 | Build | Farm |
| 13:23 | Build | Farm |
| 13:26 | Build | Farm |
| 13:28 | Build | Farm |
| 13:56 | Create | Villager (Male) |
| 14:00 | Build | Mining Camp |
| 14:23 | Create | Scout Cavalry |
| 14:24 | Create | Villager (Male) |
| 14:24 | Create | Villager (Male) |
| 14:24 | Create | Villager (Male) |
| 14:26 | Build | House |
| 14:32 | Build | House |
| 14:33 | Build | House |
| 14:36 | Build | House |
| 14:42 | Create | Villager (Male) |
| 15:32 | Create | Scout Cavalry |
| 15:52 | Create | Scout Cavalry |
| 15:52 | Create | Villager (Male) |
| 15:53 | Create | Villager (Male) |
| 15:53 | Create | Villager (Male) |
| 16:09 | Create | Scout Cavalry |
| 16:09 | Create | Villager (Male) |
| 16:10 | Create | Villager (Male) |
| 16:24 | Research | Wheelbarrow |
| 16:27 | Build | Stable |
| 17:54 | Create | Villager (Male) |
| 17:54 | Create | Villager (Male) |
| 17:57 | Build | Blacksmith |
| 18:36 | Research | Castle Age |
| 18:48 | Build | Stable |
| 19:37 | Research | Forging |
| 19:37 | Research | Scale Barding Armor |
| 19:39 | Research | Bloodlines |
| 20:36 | Build | Lumber Camp |
| 20:47 | Create | Villager (Male) |
| 20:47 | Create | Villager (Male) |
| 21:05 | Age | Castle Age |
| 21:07 | Research | Bow Saw |
| 21:09 | Create | Knight ×4 |
| 21:23 | Create | Villager (Male) |
| 21:23 | Create | Villager (Male) |
| 21:40 | Create | Villager (Male) |
| 21:52 | Build | Town Center |
| 21:58 | Create | Knight ×3 |
| 23:02 | Create | Knight ×5 |
| 23:04 | Create | Villager (Male) |
| 23:11 | Build | House |
| 23:12 | Build | House |
| 23:14 | Build | House |
| 23:32 | Create | Villager (Male) |
| 23:32 | Create | Villager (Male) |
| 23:32 | Create | Villager (Male) |
| 23:40 | Create | Knight |
| 23:40 | Create | Knight |
| 23:51 | Create | Knight |
| 24:29 | Build | Farm |
| 24:30 | Build | Farm |
| 24:31 | Build | Farm |
| 24:35 | Build | Farm |
| 24:37 | Build | Farm |
| 24:39 | Build | Farm |
| 24:40 | Build | Farm |
| 25:12 | Create | Knight ×5 |
| 25:13 | Create | Villager (Male) |
| 25:14 | Create | Villager (Male) |
| 25:14 | Create | Villager (Male) |
| 25:23 | Build | Town Center |
| 25:35 | Create | Knight |
| 25:45 | Create | Knight |
| 25:47 | Create | Villager (Male) |
| 25:47 | Create | Villager (Male) |
| 26:03 | Create | Knight |
| 26:05 | Create | Villager (Male) |
| 26:15 | Build | House |
| 26:21 | Build | Farm |
| 26:22 | Build | Farm |
Build order — UnknownPlayer
First 150 of 190 actions detected
| 0:01 | Research | Loom |
| 0:02 | Create | Villager (Male) |
| 0:02 | Create | Villager (Male) |
| 0:02 | Create | Villager (Male) |
| 0:02 | Create | Villager (Male) |
| 0:05 | Build | House |
| 0:08 | Build | House |
| 1:26 | Create | Villager (Male) |
| 1:48 | Build | Lumber Camp |
| 2:00 | Create | Villager (Male) |
| 2:33 | Create | Villager (Male) |
| 3:01 | Create | Villager (Male) |
| 3:04 | Create | Villager (Male) |
| 3:05 | Create | Villager (Male) |
| 3:32 | Build | House |
| 3:37 | Create | Villager (Male) |
| 4:07 | Build | Mill |
| 4:17 | Create | Villager (Male) |
| 4:17 | Create | Villager (Male) |
| 4:17 | Create | Villager (Male) |
| 4:34 | Create | Villager (Male) |
| 5:28 | Create | Villager (Male) |
| 5:47 | Build | House |
| 5:57 | Create | Villager (Male) |
| 6:12 | Create | Villager (Male) |
| 6:37 | Create | Villager (Male) |
| 6:55 | Build | Mining Camp |
| 7:13 | Research | Feudal Age |
| 8:36 | Build | Barracks |
| 8:40 | Create | Villager (Male) |
| 9:01 | Create | Villager (Male) |
| 9:23 | Age | Feudal Age |
| 9:31 | Create | Villager (Male) |
| 9:41 | Build | Archery Range |
| 10:06 | Research | Double-Bit Axe |
| 10:06 | Research | Double-Bit Axe |
| 10:15 | Build | House |
| 10:19 | Create | Villager (Male) |
| 10:35 | Create | Archer |
| 10:57 | Create | Villager (Male) |
| 11:01 | Create | Archer |
| 11:06 | Build | House |
| 11:28 | Create | Villager (Male) |
| 11:37 | Build | Archery Range |
| 11:42 | Create | Villager (Male) |
| 11:43 | Create | Archer |
| 11:48 | Create | Villager (Male) |
| 12:04 | Build | House |
| 12:10 | Create | Archer |
| 12:12 | Create | Villager (Male) |
| 12:19 | Build | Palisade Wall |
| 12:23 | Build | Palisade Wall |
| 12:33 | Create | Villager (Male) |
| 12:39 | Create | Archer |
| 12:55 | Build | Blacksmith |
| 13:06 | Create | Villager (Male) |
| 13:13 | Create | Archer |
| 13:22 | Create | Villager (Male) |
| 13:31 | Create | Archer |
| 13:33 | Create | Villager (Male) |
| 13:37 | Build | House |
| 13:40 | Create | Archer |
| 13:44 | Create | Villager (Male) |
| 13:47 | Build | Farm |
| 13:51 | Build | Farm |
| 13:58 | Create | Archer |
| 14:09 | Build | Palisade Wall |
| 14:13 | Build | House |
| 14:24 | Build | Palisade Wall |
| 14:24 | Build | Palisade Wall |
| 14:26 | Create | Villager (Male) |
| 14:28 | Create | Archer |
| 14:28 | Create | Archer |
| 14:36 | Research | Fletching |
| 14:39 | Research | Padded Archer Armor |
| 14:49 | Create | Archer |
| 14:50 | Create | Archer |
| 14:53 | Create | Villager (Male) |
| 15:00 | Build | Farm |
| 15:31 | Create | Archer |
| 15:31 | Create | Archer |
| 16:13 | Create | Archer |
| 16:13 | Create | Archer |
| 16:14 | Create | Villager (Male) |
| 16:18 | Build | House |
| 16:21 | Build | House |
| 16:24 | Build | Farm |
| 16:26 | Build | Farm |
| 16:28 | Build | Farm |
| 16:30 | Build | Farm |
| 16:33 | Build | Farm |
| 16:34 | Build | Farm |
| 16:35 | Build | Farm |
| 16:37 | Build | Farm |
| 16:41 | Create | Villager (Male) |
| 16:56 | Create | Villager (Male) |
| 17:05 | Create | Villager (Male) |
| 17:20 | Build | Farm |
| 17:21 | Build | Farm |
| 17:21 | Build | Farm |
| 17:22 | Build | Farm |
| 17:35 | Create | Villager (Male) |
| 17:39 | Build | House |
| 17:43 | Build | House |
| 17:48 | Create | Villager (Male) |
| 17:52 | Create | Villager (Male) |
| 18:01 | Create | Villager (Male) |
| 18:16 | Create | Villager (Male) |
| 18:20 | Create | Villager (Male) |
| 18:26 | Create | Villager (Male) |
| 18:39 | Create | Villager (Male) |
| 18:57 | Build | House |
| 19:06 | Create | Villager (Male) |
| 19:37 | Build | House |
| 19:40 | Create | Spearman |
| 19:42 | Create | Villager (Male) |
| 19:51 | Build | Palisade Wall |
| 20:28 | Build | Market |
| 20:31 | Build | House |
| 20:38 | Build | Palisade Wall |
| 20:40 | Create | Villager (Male) |
| 21:16 | Create | Villager (Male) |
| 21:31 | Build | Archery Range |
| 21:35 | Build | Farm |
| 21:36 | Build | Farm |
| 21:41 | Research | Castle Age |
| 21:44 | Create | Archer |
| 21:44 | Create | Archer |
| 21:56 | Build | House |
| 22:42 | Create | Archer |
| 22:42 | Create | Archer |
| 22:42 | Create | Archer |
| 22:49 | Build | Archery Range |
| 22:53 | Build | Mining Camp |
| 22:59 | Create | Villager (Male) |
| 23:14 | Build | Farm |
| 23:25 | Research | Wheelbarrow |
| 23:25 | Create | Villager (Male) |
| 23:29 | Create | Archer |
| 23:45 | Build | House |
| 23:53 | Build | Lumber Camp |
| 23:57 | Create | Villager (Male) |
| 24:08 | Build | Palisade Wall |
| 24:17 | Create | Archer |
| 24:17 | Create | Archer |
| 24:20 | Create | Archer |
| 24:20 | Create | Archer |
| 24:21 | Age | Castle Age |
| 24:24 | Research | Crossbowman (upgrade) |
| 24:25 | Research | Bodkin Arrow |
Match timeline
| 3:27 | [AJJRR] Minillop · wall_segment Palisade Wall x11 |
| 3:56 | [2ZKA] falling_sky · wall_segment Palisade Wall x1 |
| 6:15 | [AJJRR] Minillop · wall_segment Palisade Wall x5 |
| 7:25 | nekor · first_building Barracks |
| 7:34 | KickersEmden_AoE · first_building Barracks |
| 7:50 | KickersEmden_AoE · wall_segment Palisade Wall x8 |
| 7:54 | KickersEmden_AoE · wall_segment Palisade Wall x6 |
| 8:00 | [2ZKA] falling_sky · first_building Barracks |
| 8:32 | [AJJRR] Minillop · first_building Barracks |
| 8:36 | UnknownPlayer · first_building Barracks |
| 8:55 | KickersEmden_AoE · age_up feudal |
| 8:55 | [2ZKA] falling_sky · age_up feudal |
| 8:58 | KickersEmden_AoE · first_building Stable |
| 8:59 | [2ZKA] falling_sky · first_building Archery Range |
| 9:01 | KickersEmden_AoE · wall_segment Palisade Wall x1 |
| 9:23 | UnknownPlayer · age_up feudal |
| 9:26 | KickersEmden_AoE · wall_segment Palisade Wall x3 |
| 9:28 | KickersEmden_AoE · wall_segment Palisade Wall x7 |
| 9:41 | UnknownPlayer · first_building Archery Range |
| 9:43 | nekor · wall_segment Palisade Wall x1 |
| 9:47 | nekor · age_up feudal |
| 9:54 | nekor · first_building Archery Range |
| 9:57 | Camagroc · age_up feudal |
| 10:09 | KickersEmden_AoE · wall_segment Palisade Wall x1 |
| 10:16 | KickersEmden_AoE · wall_segment Palisade Wall x15 |
| 10:25 | Camagroc · first_building Barracks |
| 10:37 | [AJJRR] Minillop · age_up feudal |
| 10:45 | [2ZKA] falling_sky · wall_segment Palisade Wall x6 |
| 10:46 | nekor · wall_segment Palisade Wall x1 |
| 10:47 | KickersEmden_AoE · wall_segment Palisade Wall x12 |
| 10:49 | nekor · wall_segment Palisade Wall x11 |
| 10:51 | nekor · wall_segment Palisade Wall x1 |
| 10:58 | [2ZKA] falling_sky · wall_segment Palisade Wall x4 |
| 10:59 | [2ZKA] falling_sky · wall_segment Palisade Wall x1 |
| 10:59 | nekor · wall_segment Palisade Wall x1 |
| 11:17 | [2ZKA] falling_sky · wall_segment Palisade Wall x5 |
| 11:24 | Camagroc · first_building Stable |
| 11:51 | [2ZKA] falling_sky · wall_segment Palisade Wall x1 |
| 12:10 | [2ZKA] falling_sky · wall_segment Palisade Wall x4 |
| 12:19 | UnknownPlayer · wall_segment Palisade Wall x3 |
| 12:23 | UnknownPlayer · wall_segment Palisade Wall x4 |
| 12:51 | [2ZKA] falling_sky · wall_segment Palisade Wall x1 |
| 12:53 | [2ZKA] falling_sky · wall_segment Palisade Wall x7 |
| 13:17 | [AJJRR] Minillop · first_building Archery Range |
| 14:09 | UnknownPlayer · wall_segment Palisade Wall x6 |
| 14:24 | UnknownPlayer · wall_segment Palisade Wall x10 |
| 14:24 | UnknownPlayer · wall_segment Palisade Wall x1 |
| 18:08 | [2ZKA] falling_sky · wall_segment Palisade Wall x1 |
| 18:49 | nekor · first_building Stable |
| 19:51 | UnknownPlayer · wall_segment Palisade Wall x6 |
| 20:05 | [AJJRR] Minillop · first_market_buy 100 food |
| 20:38 | UnknownPlayer · wall_segment Palisade Wall x1 |
| 21:05 | KickersEmden_AoE · age_up castle |
| 21:09 | Camagroc · wall_segment Stone Wall x9 |
| 21:09 | [AJJRR] Minillop · wall_segment Palisade Wall x15 |
| 21:12 | [AJJRR] Minillop · wall_segment Palisade Wall x3 |
| 21:37 | [2ZKA] falling_sky · first_market_sell 100 food |
| 21:39 | UnknownPlayer · first_market_buy 100 food |
| 21:43 | [2ZKA] falling_sky · age_up castle |
| 21:55 | Camagroc · age_up castle |
| 22:06 | [2ZKA] falling_sky · first_market_buy 100 wood |
| 22:09 | [2ZKA] falling_sky · first_building Stable |
| 22:54 | [AJJRR] Minillop · age_up castle |
| 23:15 | nekor · wall_segment Palisade Wall x1 |
| 23:19 | [AJJRR] Minillop · first_market_sell 100 wood |
| 24:08 | UnknownPlayer · wall_segment Palisade Wall x3 |
| 24:21 | UnknownPlayer · age_up castle |
| 24:22 | Camagroc · first_market_sell 100 wood |
| 24:31 | Camagroc · first_market_buy 100 food |
| 24:40 | nekor · age_up castle |
| 24:42 | UnknownPlayer · first_building Siege Workshop |
| 24:54 | nekor · first_market_sell 100 food |
| 25:38 | nekor · first_building Monastery |
| 26:13 | UnknownPlayer · first_market_sell 100 food |
| 28:15 | UnknownPlayer · first_building Monastery |
| 29:11 | nekor · resign |
[ AI ANALYSIS · 1 CREDIT ]
What really happened in this match?
Wolo.gg analyzes every decision: build order, eco, micro, common mistakes by bracket. Personalized analysis on WhatsApp or Discord in 30 seconds.
Civ guide
Lithuanians
Perfil
Jugador #9715289